 Dungeon Crawl Stone Soup version 0.20.1-1-g8b1a95d (webtiles) character file.

224458 manyhoops the Stormcaller (level 17, -25/132 HPs)
             Began as a Demigod Air Elementalist on Aug 28, 2017.
             Hit by a large rock thrown by a cyclops (33 damage)
             ... on level 2 of the Vaults on Aug 29, 2017.
             The game lasted 02:38:00 (60231 turns).

manyhoops the Stormcaller (DgAE)                   Turns: 60231, Time: 02:38:01

Health: -25/132    AC: 13    Str: 17    XL:     17   Next: 95%
Magic:  1/39       EV: 15    Int: 37    God:
Gold:   586        SH:  7    Dex: 16    Spells: 4/41 levels left

rFire    . . .     SeeInvis .   M - +1 morningstar (protect)
rCold    + + +     Gourm    .   G - +2 buckler {AC+3}
rNeg     . . .     Faith    .   P - +3 robe "Vamm" {+Inv rPois rF- rC++}
rPois    +         Spirit   .   I - +0 helmet {Int+3}
rElec    +         Reflect  .   (no cloak)
rCorr    .         Harm     .   B - +0 pair of gloves
MR       +....                  N - +0 pair of boots
Stlth    ++........             w - amulet "Ketexit" {rC+ Regen+ Str+4 Int+2}
Regen    1.2/turn               A - ring of protection from fire
MPRegen  0.3/turn               O - +3 ring of intelligence

@: no status effects
A: icy blue scales 1, high mp 1, regeneration 1, electricity resistance, strong
1, evolution 1, MP-powered wands
}: 1/15 runes: decaying
a: Evoke Invisibility


You were on level 2 of the Vaults.
You were not hungry.

You visited 7 branches of the dungeon, and saw 31 of its levels.
You also visited: Desolation.

You collected 3301 gold pieces.
You spent 2715 gold pieces at shops.

Inventory:

Hand Weapons
 u - a +0 demon whip
 M - a +1 morningstar of protection (weapon)
 V - a +3 eveningstar of venom
Armour
 B - a +0 pair of gloves (worn)
 G - a +2 buckler of protection (worn)
 I - a +0 helmet of intelligence (worn)
 J - a +2 hat of magic resistance
 N - a +0 pair of boots (worn)
 P - the +3 robe "Vamm" (worn) {+Inv rPois rF- rC++}
   (You found it on level 3 of the Swamp)

   It makes you vulnerable to fire.
   It greatly protects you from cold.
   It protects you from poison.
   It lets you turn invisible.
 U - a +0 robe of resistance
Jewellery
 d - an uncursed ring of see invisible
 l - an uncursed amulet of magic regeneration
 s - an uncursed ring of flight
 t - an uncursed ring of poison resistance
 w - the amulet "Ketexit" (around neck) {rC+ Regen+ Str+4 Int+2}
   (You bought it in a shop on level 13 of the Dungeon)

   [amulet of regeneration]

   It affects your strength (+4).
   It affects your intelligence (+2).
   It protects you from cold.
   It increases your rate of regeneration.
 A - a ring of protection from fire (left hand)
 E - an uncursed ring of resist corrosion
 H - an uncursed ring of protection from cold
 O - a +3 ring of intelligence (right hand)
 T - an uncursed ring of stealth
Wands
 b - a wand of digging (3/24)
 L - a wand of flame (7/48)
 W - a wand of disintegration (15/24)
 X - a wand of lightning (8/15)
Scrolls
 a - a scroll of identify
 e - 11 scrolls of remove curse
 g - a scroll of noise
 h - 6 scrolls of immolation
 i - 4 scrolls of amnesia
 m - 6 scrolls of recharging
 n - 3 scrolls of holy word
 y - 2 scrolls of fog
 z - 4 scrolls of magic mapping
 C - a scroll of enchant armour
 D - a scroll of enchant weapon
 Q - 2 scrolls of teleportation
Potions
 q - a potion of flight
 x - 2 potions of resistance
 Y - a potion of brilliance
 Z - a potion of berserk rage
Books
 S - a book of the Sky

   Spells                             Type                      Level
   a - Summon Lightning Spire         Summoning/Air                4
   b - Silence                        Hexes/Air                    5
   c - Deflect Missiles               Charms/Air                   6
   d - Conjure Ball Lightning         Conjuration/Air              6
   e - Tornado                        Air                          9
Comestibles
 c - 18 bread rations
 f - 4 chunks of flesh
 j - 2 royal jellies
 p - 3 meat rations
 F - 14 fruits


   Skills:
 - Level 7.0 Fighting
 - Level 10.2 Maces & Flails
 - Level 5.1 Dodging
 - Level 1.7 Stealth
 - Level 4.1 Shields
 - Level 12.7 Spellcasting
 - Level 12.7 Conjurations
 - Level 7.0 Charms
 + Level 19.6 Air Magic


You had 4 spell levels left.
You knew the following spells:

 Your Spells              Type           Power        Failure   Level  Hunger
a - Shock                 Conj/Air       ####         0%          1    None
b - Swiftness             Chrm/Air       #######.     0%          2    None
c - Static Discharge      Conj/Air       #######.     0%          3    None
d - Airstrike             Air            ########..   0%          4    None
e - Lightning Bolt        Conj/Air       #######...   1%          5    None
f - Conjure Flame         Conj/Fire      ######..     1%          3    None
g - Inner Flame           Hex/Fire       ###.....     4%          3    None
h - Conjure Ball Lightni  Conj/Air       #######...   1%          6    ###....
i - Deflect Missiles      Chrm/Air       #######...   1%          6    ###....
j - Summon Lightning Spi  Summ/Air       #######.     1%          4    None


Dungeon Overview and Level Annotations

Branches:
Dungeon (15/15)            Temple (1/1) D:4            Lair (6/6) D:11
  Swamp (4/4) Lair:2       Spider (0/4) Lair:4        Slime (1/5) Lair:5
    Orc (2/2) D:11            Elf (0/3) Orc:2        Vaults (2/5) D:14
 Depths (0/5) D:15
  Crypt: Vaults:2-3

Shops:
D:13 =   D:15 ?   Orc:2 :([:?

Portals:
Trove: D:13 (give +3 storm dragon scales)

Annotations:
D:4 Dyss's ghost, amateur TeBe
D:15 Velros's ghost, journeyman DsGl
Swamp:4 exclusion: Roxanne, Mara; Roxanne


Innate Abilities, Weirdness & Mutations

You have an increased reservoir of magic. (+10% MP)
You are partially covered in icy blue scales. (AC +2)
Your natural rate of healing is unusually fast.
You are resistant to electric shocks. (rElec)
Your muscles are strong. (Str +2)
You evolve.
You expend magic power (3 MP) to strengthen your wands.


Message History

Aim: an ettin, wielding two dire flails (flame, heavily wounded)
The zap hits the ettin.
The ettin is heavily wounded.
The zap misses the vault guard.
The ettin is engulfed in blazing flames.
The ettin hits you with a dire flail!!!
* * * LOW HITPOINT WARNING * * *
The ettin misses you.
The cyclops throws a large rock.
The large rock hits you!!
* * * LOW HITPOINT WARNING * * *
Unknown command.
Okay, then.
Okay, then.
Okay, then.
The ettin is engulfed in blazing flames.
A yaktaur captain comes into view.
Things that are here:
a halberd; a robe; an ogre corpse The cyclops throws a large rock.
The large rock hits you!!
You die...

#.c.....#
#..pp...#
#.(.....#
#.......#
#.([.c..#
###c############
#...N...#......#
#....)()ยง(.....#
#.......#C)@...#
#.......#......#
#.......#......#
#.......#......#
+.......#......#
#########......#
##C''### ....#


You could see an ettin, a cyclops and a naga.

Vanquished Creatures
  Jorgrun (Swamp:2)
  Frances (Swamp:1)
  Gastronok (D:9)
  Donald (Lair:1)
  2 thorn hunters
  5 vault wardens (Vaults:1)
  Louise (Swamp:1)
  An emperor scorpion (D:15)
  4 ironheart preservers
  2 stone giants
  A very ugly thing (Vaults:1)
  The ghost of trm the Eclecticist, a journeyman DECj of Sif Muna (Swamp:2)
  An entropy weaver (shapeshifter) (Vaults:1)
  Nessos (Lair:5)
  A yaktaur captain (Vaults:2)
  4 ogre magi
  A great orb of eyes (Vaults:1)
  30 hydras
  Fannar (D:9)
  15 vault guards
  4 ghost crabs
  2 catoblepae
  7 centaur warriors
  12 alligators
  16 two-headed ogres
  A queen ant (Lair:2)
  3 tengu warriors
  3 orc high priests (Orc:2)
  A spriggan berserker (Swamp:4)
  A deep elf knight (Vaults:1)
  3 skeletal warriors (D:14)
  2 wizards (Vaults:1)
  7 unseen horrors
  12 swamp dragons
  3 deep trolls (Vaults:1)
  7 shambling mangroves
  2 spriggan druids
  A deep elf archer (Vaults:1)
  8 ironbrand convokers (Vaults:1)
  A necromancer (Vaults:1)
  2 deep elf magi
  46 ugly things
  9 orc knights
  3 wolf spiders
  A faun (shapeshifter) (Vaults:1)
  6 orc sorcerers
  7 cyclopes
  5 manticores
  5 elephants (Lair:5)
  4 black mambas
  A naga mage (D:15)
  2 guardian serpents
  Psyche (D:8)
  3 vault sentinels (Vaults:1)
  An eye of devastation (shapeshifter) (D:15)
  3 gargoyles
  A rime drake (Lair:5)
  An efreet (D:15)
  13 spiny frogs
  8 yaktaurs
  6 komodo dragons
  9 kobold demonologists
  An entropy weaver simulacrum (Vaults:1)
  11 trolls
  3 tengu conjurers
  7 tyrant leeches
  22 hornets
  38 slime creatures
  8 polar bears
  Prince Ribbit (D:8)
  11 blink frogs
  10 bog bodies
  A dream sheep (shapeshifter) (D:13)
  12 dream sheep (Lair:6)
  12 hippogriffs
  4 saltlings
  A meliai zombie (D:15)
  25 spriggans
  2 shadows
  33 yaks
  A wyvern (Lair:1)
  3 wraiths
  5 basilisks
  23 vampire mosquitoes
  3 hungry ghosts
  3 wargs
  14 insubstantial wisps
  4 soldier ants
  28 swamp worms
  5 acid dragons
  7 water moccasins
  22 swamp drakes
  8 porcupines
  5 black bears
  6 sky beasts
  25 orc warriors
  6 ice beasts
  4 boggarts (Lair:6)
  2 eyes of draining
  4 phantoms
  An eye of draining (shapeshifter) (D:13)
  18 ogres
  31 wolves
  26 centaurs
  15 crocodiles
  5 big kobolds
  29 bullfrogs
  2 gnoll sergeants
  A wyvern zombie (D:14)
  2 wyvern skeletons
  3 scorpions
  6 killer bees (D:11)
  A human simulacrum (Vaults:1)
  A wight (D:11)
  3 electric eels
  2 howler monkeys
  9 crimson imps
  A quasit (D:9)
  4 centaur zombies
  6 hounds
  4 jellies
  7 bullfrog skeletons
  A gnoll shaman (D:6)
  19 orc priests
  5 bullfrog zombies
  8 centaur skeletons
  23 orc wizards
  6 iguanas
  36 worker ants
  3 hound zombies
  A hound skeleton (D:8)
  A howler monkey zombie (D:11)
  A gnoll (shapeshifter) (Vaults:1)
  17 gnolls
  A howler monkey skeleton (D:8)
  20 adders
  9 shadow imps
  An adder zombie (D:7)
  2 adder skeletons
  A worm (Lair:4)
  3 dart slugs
  6 leopard geckos
  86 orcs
  9 giant cockroaches
  29 hobgoblins
  14 jackals
  6 quokkas
  4 ball pythons
  A ball python skeleton (D:4)
  11 bats
  3 frilled lizards
  33 goblins
  35 kobolds
  6 rats
  2 plants (Lair:6)
1268 creatures vanquished.

Vanquished Creatures (collateral kills)
  A hornet (Swamp:2)
  A swamp drake (Swamp:4)
2 creatures vanquished.

Vanquished Creatures (others)
  An unseen horror (D:13)
  A shambling mangrove (Swamp:3)
  52 ball lightnings
  An insubstantial wisp (Swamp:3)
  A quokka (D:14)
  A bush (Lair:6)
  15 fungi
  14 plants (Lair:6)
86 creatures vanquished.

Grand Total: 1356 creatures vanquished

Notes
Turn   | Place    | Note
-------+----------+-------------------------------------------
     0 | D:1      | manyhoops the Demigod Air Elementalist began the quest for the Orb.
     0 | D:1      | Reached XP level 1. HP: 14/14 MP: 5/5
    72 | D:1      | Reached skill level 1 in Conjurations
   335 | D:1      | Reached XP level 2. HP: 20/20 MP: 1/7
   424 | D:1      | Reached skill level 3 in Air Magic
  1234 | D:2      | Reached XP level 3. HP: 26/26 MP: 5/9
  1241 | D:2      | Learned a level 2 spell: Swiftness
  1245 | D:2      | Learned a level 3 spell: Static Discharge
  2096 | D:3      | Reached XP level 4. HP: 33/33 MP: 1/10
  2312 | D:3      | Found a shimmering altar of Xom.
  2312 | D:3      | Found a shimmering altar of Xom.
  2314 | D:3      | Found a shimmering altar of Xom.
  2410 | D:3      | Found a shimmering altar of Xom.
  2410 | D:3      | Found a shimmering altar of Xom.
  2713 | D:3      | Reached XP level 5. HP: 38/38 MP: 3/12
  2721 | D:3      | Learned a level 4 spell: Airstrike
  3103 | D:4      | Found a shadowy altar of Dithmenos.
  3183 | D:4      | Found a staircase to the Ecumenical Temple.
  3615 | D:4      | Noticed Dyss's ghost (amateur TeBe)
  4411 | D:4      | Reached XP level 6. HP: 36/45 MP: 0/14
  4456 | D:4      | Reached skill level 4 in Air Magic
  5301 | Temple   | Entered the Ecumenical Temple
  5326 | D:5      | Entered Level 5 of the Dungeon
  5642 | D:5      | Reached XP level 7. HP: 50/50 MP: 8/16
  5734 | D:5      | Reached skill level 5 in Conjurations
  6298 | D:5      | Reached skill level 5 in Air Magic
  6507 | D:6      | Found a glowing golden altar of the Shining One.
  6959 | D:6      | Reached XP level 8. HP: 39/57 MP: 1/18
  7259 | D:6      | Reached skill level 6 in Air Magic
  7469 | D:6      | Found a burning altar of Makhleb.
  7589 | D:6      | Got a translucent shield
  7600 | D:6      | Identified the +0 shield of the World {-Cast rPois Dex+4} (You found it on level 6 of the Dungeon)
  7739 | D:6      | Found a bloodstained altar of Trog.
  7745 | D:6      | Found an iron altar of Okawaru.
  7747 | D:6      | Found a white marble altar of Elyvilon.
  7748 | D:6      | Found a hazy altar of Hepliaklqana.
  7752 | D:6      | Found an opulent altar of Gozag.
  7776 | D:7      | Found a radiant altar of Vehumet.
  7809 | D:7      | Found an ancient bone altar of Kikubaaqudgha.
  7899 | D:7      | Reached skill level 1 in Shields
  7911 | D:7      | Learned a level 5 spell: Lightning Bolt
  9308 | D:8      | Noticed Prince Ribbit
  9578 | D:8      | Reached skill level 5 in Spellcasting
  9690 | D:8      | Killed Prince Ribbit
  9901 | D:8      | Reached XP level 9. HP: 62/62 MP: 3/21
 10108 | D:8      | Noticed Psyche
 10140 | D:8      | Killed Psyche
 10140 | D:8      | Reached skill level 7 in Air Magic
 10385 | D:8      | HP: 3/62 [hippogriff (8)]
 10791 | D:8      | Reached skill level 8 in Air Magic
 11186 | D:8      | Found a deep blue altar of Sif Muna.
 11616 | D:9      | Noticed a two-headed ogre
 11993 | D:9      | Killed a two-headed ogre
 11993 | D:9      | Reached XP level 10. HP: 54/69 MP: 8/25
 12214 | D:9      | Reached skill level 9 in Air Magic
 12313 | D:9      | Noticed Gastronok
 12452 | D:9      | Noticed a two-headed ogre
 12455 | D:9      | Killed a two-headed ogre
 12560 | D:9      | Killed Gastronok
 12940 | D:10     | Entered Level 10 of the Dungeon
 13313 | D:9      | Gained mutation: You have supernaturally acute eyesight. (SInv) [potion of mutation]
 13313 | D:9      | Gained mutation: Your spells are a little easier to cast, but a little less powerful. [potion of mutation]
 13313 | D:9      | Gained mutation: You possess an exceptional clarity of mind. [potion of mutation]
 13313 | D:9      | Gained mutation: Your mind is acute. (Int +2) [potion of mutation]
 13315 | D:10     | Noticed Fannar
 13588 | D:9      | Lost mutation: Your mind is acute. (Int +2) [potion of mutation]
 13588 | D:9      | Lost mutation: You possess an exceptional clarity of mind. [potion of mutation]
 13588 | D:9      | Lost mutation: Your spells are a little easier to cast, but a little less powerful. [potion of mutation]
 13588 | D:9      | Gained mutation: You have a considerably increased reservoir of magic. (+20% MP) [potion of mutation]
 13588 | D:9      | Gained mutation: You are frail. (-10% HP) [potion of mutation]
 13588 | D:9      | Gained mutation: You are dopey. (Int -2) [potion of mutation]
 13588 | D:9      | Gained mutation: You are partially covered in molten scales. (AC +2) [potion of mutation]
 13844 | D:9      | Reached XP level 11. HP: 31/66 MP: 4/30
 14085 | D:10     | Noticed a two-headed ogre
 14303 | D:10     | Reached skill level 10 in Air Magic
 14739 | D:9      | Killed Fannar
 14906 | D:9      | Noticed a two-headed ogre
 14910 | D:9      | Killed a two-headed ogre
 15152 | D:9      | Gained mutation: Your flesh is cold resistant. (rC+) [mutagenic meat]
 15153 | D:9      | Lost mutation: You have supernaturally acute eyesight. (SInv) [mutagenic meat]
 15348 | D:10     | Killed a two-headed ogre
 15719 | D:10     | Learned a level 3 spell: Conjure Flame
 15723 | D:10     | Learned a level 3 spell: Inner Flame
 15837 | D:10     | Got a shimmering plate armour
 15848 | D:10     | Identified the +2 plate armour of Tajeenuj {Int+3 SInv} (You found it on level 10 of the Dungeon)
 16154 | D:11     | Lost mutation: Your flesh is cold resistant. (rC+) [potion of mutation]
 16154 | D:11     | Lost mutation: You are dopey. (Int -2) [potion of mutation]
 16154 | D:11     | Lost mutation: You have a considerably increased reservoir of magic. (+20% MP) [potion of mutation]
 16154 | D:11     | Gained mutation: You are clumsy. (Dex -2) [potion of mutation]
 16154 | D:11     | Gained mutation: You have a pair of small horns on your head. [potion of mutation]
 16154 | D:11     | Lost mutation: You are frail. (-10% HP) [potion of mutation]
 16445 | D:11     | Found a staircase to the Lair.
 16483 | D:11     | Noticed a two-headed ogre
 16494 | D:11     | Killed a two-headed ogre
 16620 | D:11     | Reached skill level 10 in Spellcasting
 16635 | D:11     | Noticed a sixfirhy
 16641 | D:11     | Noticed a two-headed ogre
 16797 | D:11     | Reached skill level 11 in Air Magic
 16944 | D:11     | Noticed an ogre mage
 16947 | D:11     | Killed an ogre mage
 17016 | D:11     | Found a staircase to the Orcish Mines.
 17153 | D:11     | Killed an unseen horror
 17382 | D:11     | Reached XP level 12. HP: 64/91 MP: 15/30
 17759 | D:11     | Reached skill level 5 in Fighting
 18891 | D:12     | Noticed a seven-headed hydra
 18913 | Lair:1   | Entered Level 1 of the Lair of Beasts
 19185 | Lair:1   | Got a scorched flail
 19188 | Lair:1   | Identified the cursed +1 flail of Oreecs {venom, +Fly} (You found it on level 1 of the Lair of Beasts)
 19852 | Lair:2   | Learned a level 4 spell: Sticky Flame
 19861 | Lair:2   | Found a staircase to the Swamp.
 19877 | Lair:2   | Reached skill level 10 in Conjurations
 20368 | Lair:2   | Noticed a catoblepas
 20385 | Lair:2   | Killed a catoblepas
 21309 | Lair:2   | Noticed a four-headed hydra
 21314 | Lair:2   | Killed a four-headed hydra
 22057 | Lair:3   | Identified a scroll of acquirement
 22060 | Lair:3   | Got a faintly humming cloak
 22066 | Lair:3   | Identified the +0 cloak of Wocay {-Cast rElec Dex+3} (You acquired it on level 3 of the Lair of Beasts)
 22345 | Lair:3   | Found a blossoming altar of Fedhas.
 22955 | Lair:4   | Reached XP level 13. HP: 99/105 MP: 25/32
 23732 | Lair:4   | Found a hole to the Spider Nest.
 24376 | Lair:5   | Reached skill level 12 in Air Magic
 24439 | Lair:5   | Found a viscous altar of Jiyva.
 24439 | Lair:5   | Found a staircase to the Slime Pits.
 24443 | Lair:5   | Noticed Nessos
 24447 | Lair:5   | Killed Nessos
 25436 | Slime:1  | Entered Level 1 of the Pits of Slime
 25446 | Lair:6   | Entered Level 6 of the Lair of Beasts
 26353 | Lair:6   | Lost mutation: You have a pair of small horns on your head. [potion of mutation]
 26353 | Lair:6   | Lost mutation: You are clumsy. (Dex -2) [potion of mutation]
 26353 | Lair:6   | Lost mutation: You are partially covered in molten scales. (AC +2) [potion of mutation]
 26353 | Lair:6   | Gained mutation: You are weak. (Str -2) [potion of mutation]
 26353 | Lair:6   | Gained mutation: You are occasionally teleported next to monsters. [potion of mutation]
 26353 | Lair:6   | Gained mutation: You tend to lose your temper in combat. [potion of mutation]
 26353 | Lair:6   | Gained mutation: You are partially covered in icy blue scales. (AC +2) [potion of mutation]
 26873 | Lair:6   | Paralysed by a hornet for 1 turns
 28735 | Lair:6   | Reached XP level 14. HP: 113/113 MP: 29/35
 29230 | D:12     | Gained mutation: You are very weak. (Str -4) [mutagenic meat]
 29231 | D:12     | Gained mutation: You have a pair of small horns on your head. [mutagenic meat]
 29232 | D:12     | Gained mutation: You occasionally shout uncontrollably at your foes. [mutagenic meat]
 29233 | D:12     | Gained mutation: Your spells are a little harder to cast, but a little more powerful. [mutagenic meat]
 29234 | D:12     | Gained mutation: Scrolls take you a little longer to read. [mutagenic meat]
 29235 | D:12     | Gained mutation: You are resistant to hostile enchantments. (MR+) [mutagenic meat]
 29783 | D:12     | Learned a level 6 spell: Deflect Missiles
 30449 | D:13     | Gained mutation: You are partially covered in molten scales. (AC +2) [mutagenic meat]
 30458 | D:13     | Found Onocsim's Jewellery Emporium.
 30827 | D:13     | Found a portal to a secret trove of treasure.
 31574 | D:13     | Lost mutation: You have a pair of small horns on your head. [potion of mutation]
 31574 | D:13     | Lost mutation: Scrolls take you a little longer to read. [potion of mutation]
 31574 | D:13     | Lost mutation: You are resistant to hostile enchantments. (MR+) [potion of mutation]
 31574 | D:13     | Lost mutation: You are partially covered in molten scales. (AC +2) [potion of mutation]
 31574 | D:13     | Lost mutation: You tend to lose your temper in combat. [potion of mutation]
 31574 | D:13     | Lost mutation: Your spells are a little harder to cast, but a little more powerful. [potion of mutation]
 31574 | D:13     | Gained mutation: You have a pair of small horns on your head. [potion of mutation]
 31574 | D:13     | Gained mutation: Your natural rate of healing is unusually fast. [potion of mutation]
 31813 | D:14     | Reached skill level 5 in Dodging
 32135 | D:14     | Reached skill level 13 in Air Magic
 33474 | D:14     | Found a hazy altar of Hepliaklqana.
 33834 | Orc:1    | Entered Level 1 of the Orcish Mines
 34138 | Orc:2    | Entered Level 2 of the Orcish Mines
 34144 | Orc:2    | Found a staircase to the Elven Halls.
 34146 | Orc:2    | Found Ajaodinif's Magic Scroll Emporium.
 34159 | Orc:2    | Bought a scroll of teleportation for 36 gold pieces
 34159 | Orc:2    | Bought a scroll of teleportation for 36 gold pieces
 34159 | Orc:2    | Bought a scroll of fear for 42 gold pieces
 34159 | Orc:2    | Bought a scroll of teleportation for 36 gold pieces
 34159 | Orc:2    | Bought a scroll of teleportation for 36 gold pieces
 36006 | Orc:2    | Found Ciuddoig's Book Boutique.
 36020 | Orc:2    | Found Wupel's Weapon Emporium.
 36032 | Orc:2    | Found Ihenac's Book Emporium.
 36034 | Orc:2    | Found Xax Atif's Antique Armour Boutique.
 36042 | Orc:2    | Bought a pair of boots for 117 gold pieces
 36082 | Orc:2    | Bought a book of the Sky for 910 gold pieces
 36087 | Orc:2    | Learned a level 4 spell: Summon Lightning Spire
 36095 | Orc:2    | Learned a level 6 spell: Conjure Ball Lightning
 36272 | Orc:1    | You fall through a shaft!
 36463 | Orc:1    | Reached skill level 1 in Maces & Flails
 37017 | D:13     | Bought the amulet "Ketexit" {rC+ Regen+ Str+4 Int+2} for 962 gold pieces
 37413 | D:13     | Gained mutation: You possess an exceptional clarity of mind. [mutagenic meat]
 37414 | D:13     | Lost mutation: You have a pair of small horns on your head. [mutagenic meat]
 37806 | D:14     | Reached skill level 5 in Maces & Flails
 37806 | D:14     | Reached XP level 15. HP: 118/118 MP: 25/36
 38086 | D:14     | Found a white marble altar of Elyvilon.
 38132 | D:14     | Found a gate to the Vaults.
 38729 | D:15     | Entered Level 15 of the Dungeon
 38887 | D:14     | Reached skill level 1 in Charms
 39512 | D:15     | Found a shadowy altar of Dithmenos.
 39748 | D:15     | Found Wyosomn's Magic Scroll Shoppe.
 39751 | D:15     | Bought a scroll of fear for 56 gold pieces
 39751 | D:15     | Bought a scroll of teleportation for 48 gold pieces
 39751 | D:15     | Bought a scroll of teleportation for 48 gold pieces
 39751 | D:15     | Bought a scroll of teleportation for 48 gold pieces
 39836 | D:15     | Noticed Velros's ghost (journeyman DsGl)
 40005 | D:15     | Reached skill level 5 in Charms
 41602 | D:15     | Found a staircase to the Depths.
 42654 | D:13     | Bought an uncursed ring of poison resistance for 340 gold pieces
 42776 | Swamp:1  | Entered Level 1 of the Swamp
 42776 | Swamp:1  | Noticed Frances
 43292 | Swamp:1  | Noticed Donald
 43449 | Lair:1   | Killed Donald
 43579 | Swamp:1  | Noticed a thorn hunter
 43708 | Swamp:1  | Killed a thorn hunter
 44003 | Swamp:1  | Killed Frances
 44727 | Swamp:1  | Noticed Louise
 44952 | Swamp:1  | Killed Louise
 44975 | Swamp:1  | Reached skill level 10 in Maces & Flails
 45633 | Swamp:2  | Noticed trm's ghost (journeyman DECj)
 45947 | Swamp:2  | Reached XP level 16. HP: 126/126 MP: 22/37
 46502 | Swamp:2  | Killed trm's ghost
 46502 | Swamp:2  | Reached skill level 14 in Air Magic
 48507 | Swamp:3  | Noticed Jorgrun
 48520 | Swamp:2  | HP: 1/126 [Jorgrun/staff of earth (24)]
 49044 | Swamp:2  | Killed Jorgrun
 49044 | Swamp:2  | Reached skill level 15 in Air Magic
 49824 | Swamp:3  | Got a colourful robe
 49834 | Swamp:3  | Identified the +3 robe "Vamm" {+Inv rPois rF- rC++} (You found it on level 3 of the Swamp)
 50851 | Swamp:4  | Entered Level 4 of the Swamp
 51476 | Swamp:4  | Reached skill level 16 in Air Magic
 53643 | Swamp:4  | Noticed Mara
 53840 | Swamp:4  | Reached skill level 17 in Air Magic
 53996 | Swamp:4  | Reached XP level 17. HP: 132/132 MP: 5/39
 54591 | Swamp:4  | Got a decaying rune of Zot
 54866 | Swamp:4  | Noticed Roxanne
 55248 | Swamp:4  | Noticed manyhoops's illusion
 55497 | Vaults:1 | Entered Level 1 of the Vaults
 55774 | Vaults:1 | Found a ruined gateway.
 55786 | Desolati | Entered the Desolation of Salt
 56732 | Vaults:1 | Reached skill level 18 in Air Magic
 57880 | Vaults:1 | Lost mutation: You occasionally shout uncontrollably at your foes. [potion of mutation]
 57880 | Vaults:1 | Lost mutation: You are very weak. (Str -4) [potion of mutation]
 57880 | Vaults:1 | Gained mutation: Scrolls take you a little longer to read. [potion of mutation]
 57880 | Vaults:1 | Lost mutation: Scrolls take you a little longer to read. [potion of mutation]
 57880 | Vaults:1 | Gained mutation: Your spells are a little harder to cast, but a little more powerful. [potion of mutation]
 57881 | Vaults:1 | Lost mutation: You possess an exceptional clarity of mind. [potion of mutation]
 57881 | Vaults:1 | Lost mutation: Your spells are a little harder to cast, but a little more powerful. [potion of mutation]
 57881 | Vaults:1 | Lost mutation: You are occasionally teleported next to monsters. [potion of mutation]
 57881 | Vaults:1 | Lost mutation: You are weak. (Str -2) [potion of mutation]
 57881 | Vaults:1 | Gained mutation: You evolve. [potion of mutation]
 57881 | Vaults:1 | Gained mutation: Your muscles are strong. (Str +2) [potion of mutation]
 57881 | Vaults:1 | Gained mutation: You are resistant to electric shocks. (rElec) [potion of mutation]
 57991 | Vaults:1 | Got a smoking chain mail
 58017 | Vaults:1 | Identified the +1 chain mail of the Old World {SInv} (You found it on level 1 of the Vaults)
 58750 | Vaults:1 | Reached skill level 19 in Air Magic
 58940 | D:14     | Gained mutation: You expend magic power (3 MP) to strengthen your wands. [evolution]
 59947 | Vaults:2 | Paralysed by an ogre mage for 2 turns
 60229 | Vaults:2 | HP: 6/132 [cyclops/large rock (27)]
 60231 | Vaults:2 | Hit by a large rock thrown by a cyclops

Skill      XL: |  1  2  3  4  5  6  7  8  9 10 11 12 13 14 15 16 17 |
---------------+----------------------------------------------------+-----
Conjurations   | 1 2 3 4 5 6 8 9 10 12 | 12.7
Spellcasting   | 2 3 4 5 7 8 10 12 | 12.7
Air Magic      | 3 4 5 6 8 9 11 12 13 17 19 | 19.6
Shields        | 4 |  4.1
Fighting       | 3 7 |  7.0
Dodging        | 5 |  5.1
Maces & Flails | 5 10 | 10.2
Charms         | 7 |  7.0
Stealth        | |  1.7

Action                   |  1- 3 |  4- 6 |  7- 9 | 10-12 | 13-15 | 16-18 || total
-------------------------+-------+-------+-------+-------+-------+-------++-------
Melee: Dagger            |     7 |    36 |   138 |    94 |       |       ||   275
       Morningstar       |       |       |       |   129 |   470 |   364 ||   963
       Headbutt          |       |       |       |    32 |    40 |       ||    72
       Eveningstar       |       |       |       |       |     6 |    28 ||    34
Throw: Throwing net      |       |       |       |       |     1 |       ||     1
 Cast: Shock             |    94 |   242 |   216 |   316 |   201 |    49 ||  1118
       Static Discharge  |       |     4 |    16 |   113 |   289 |    70 ||   492
       Airstrike         |       |       |    75 |   106 |   225 |   101 ||   507
       Swiftness         |       |       |     1 |     3 |     9 |     4 ||    17
       Lightning Bolt    |       |       |     3 |    83 |   360 |   411 ||   857
       Conjure Flame     |       |       |       |     3 |    22 |     3 ||    28
       Sticky Flame      |       |       |       |     1 |       |       ||     1
       Conjure Ball Ligh |       |       |       |       |     8 |    16 ||    24
       Deflect Missiles  |       |       |       |       |     2 |     2 ||     4
       Summon Lightning  |       |       |       |       |       |     5 ||     5
Evoke: Wand              |       |       |       |     5 |     5 |     2 ||    12
  Use: Scroll            |     4 |     4 |     2 |    16 |    15 |    20 ||    61
       Potion            |     1 |       |     3 |     7 |    11 |    15 ||    37
 Stab: Sleeping          |       |       |     1 |       |     4 |       ||     5
       Distracted        |       |       |       |     2 |     1 |     1 ||     4
       Petrified         |       |       |       |       |     1 |       ||     1
  Eat: Chunk             |     4 |    12 |    22 |    34 |    77 |    14 ||   163
       Royal jelly       |       |       |     2 |     1 |     6 |     6 ||    15
       Fruit             |       |       |     2 |     2 |    10 |     7 ||    21
       Meat ration       |       |       |       |     3 |       |     3 ||     6
Armor: Robe              |     5 |    12 |    62 |    51 |       |   149 ||   279
       Troll leather arm |       |       |       |   115 |   367 |    48 ||   530
Dodge: Dodged            |    26 |    43 |   151 |   313 |   854 |   389 ||  1776
       Deflected         |       |       |       |       |    17 |    13 ||    30
Block: Buckler           |       |       |    46 |   160 |   338 |   217 ||   761
